 Dungeon Crawl Stone Soup version 0.23-a0-703-gdf2d5e0 (console) character file.

2634 whenceforth the Spear-Bearer (level 9, -1/72 HPs)
             Began as a Mummy Wanderer on Jan 13, 2019.
             Was an Initiate of Gozag.
             Slain by a slave (2 damage)
             ... led by Pikel
             ... on level 7 of the Dungeon.
             The game lasted 00:17:04 (8452 turns).

whenceforth the Spear-Bearer (Mummy Wanderer)       Turns: 8452, Time: 00:17:05

Health: -1/72      AC: 10    Str: 17    XL:     9   Next: 35%
Magic:  9/9        EV: 10    Int: 10    God:    Gozag
Gold:   237        SH:  0    Dex: 22    Spells: 8/8 levels left

rFire    . . .     SeeInvis +   o - +0 halberd (venom)
rCold    + + .     Gourm    .   (shield currently unavailable)
rNeg     + + +     Faith    .   t - +0 plate armour
rPois    ∞         Spirit   .   (no helmet)
rElec    +         Reflect  .   (no cloak)
rCorr    +         Harm     .   (no gloves)
MR       +....                  (no boots)
Stlth    ..........             (no amulet)
HPRegen  0.22/turn              d - +3 ring of dexterity
MPRegen  0.11/turn              n - ring of see invisible

@: agile, resistant, marked, hasted, studying Staves, invisible, very quick
A: no food or potions, fire vulnerability, cold resistance 1, negative energy
resistance 3, torment resistance, unbreathing
a: Potion Petition, Call Merchant, Bribe Branch, Renounce Religion


You were on level 7 of the Dungeon.
You worshipped Gozag.
Gozag was aware of your devotion.
You were not hungry.

You visited 2 branches of the dungeon, and saw 8 of its levels.

You collected 1477 gold pieces.
You paid 1240 gold pieces to Gozag.

Inventory:

Hand Weapons
 a - a +2 spear
 o - a +0 halberd of venom (weapon)
Armour
 t - a +0 plate armour (worn)
Jewellery
 d - a +3 ring of dexterity (left hand)
 n - a ring of see invisible (right hand)
Wands
 m - a wand of polymorph (6)
 r - a wand of acid (4)
Scrolls
 b - 4 scrolls of teleportation
 c - a scroll of magic mapping
 e - 8 scrolls of remove curse
 f - 2 scrolls of fog
 h - 4 scrolls of enchant weapon
 j - a scroll of enchant armour
 k - 3 scrolls of amnesia
 s - a scroll of fear {unknown}
Books
 p - a manual of Staves


   Skills:
 - Level 7.0 Fighting
 + Level 10.6 Polearms
 - Level 1.0 Throwing
 - Level 1.0 Dodging
 - Level 1.0 Evocations


You had 8 spell levels left.
You didn't know any spells.
Your spell library was empty.

Dungeon Overview and Level Annotations

Branches:
Dungeon (7/15)             Temple (1/1) D:7

Altars:
Ashenzari
Cheibriados
Dithmenos
Elyvilon
Gozag
Kikubaaqudgha
Okawaru
Sif Muna
Uskayaw
Vehumet
Wu Jian
Zin
The Shining One

Shops:
D:6 *

Annotations:
D:7 Harold


Innate Abilities, Weirdness & Mutations

You do not eat or drink.
Your flesh is vulnerable to fire.
You are immune to poison.
Your flesh is cold resistant. (rC+)
You are immune to negative energy. (rN+++)
You are immune to unholy pain and torment.
You can survive without breathing.


Message History

The slave hits you.
Harold hits you with a +2 mace of protection!
* * * LOW HITPOINT WARNING * * *
You slash Harold!
Harold is lightly wounded.
The slave hits you but does no damage.
You hit Harold but do no damage.
Harold is poisoned.
Harold is lightly wounded.
Harold hits you with a +2 mace of protection!
* * * LOW HITPOINT WARNING * * *
Unknown command. [a] - 540 gold - resistance, might and agility [b] - 378 gold - haste and brilliance [c] - 288 gold - invisibility and agility Purchase which effect?
You no longer have enough gold to petition Gozag for potion effects.
You fade into invisibility!
You feel more agile all of a sudden. The slave hits you.
You die...
Your body crumbles into a pile of gold.

#.# #.....#...
#.####.......#
#.##....#....##
#.###..###(#..#
##+#'###..###.)##
#..........##.)(##
#.....#....##....# #
#.....#...)#..@.## .###
#...%.#...#..p@.###....
#.....#.....##...#...#
#.....#....####.....#
#.....#...####...####
......#...#......+
#..#.......#
#..........#
#.......<..#
#.......[..#####


You could see Harold and a slave.

Vanquished Creatures
  An ice beast (D:6)
  3 sky beasts (D:6)
  An orc warrior (D:6)
  A phantom (D:6)
  3 ogres
  A centaur (D:6)
  A big kobold (D:7)
  2 scorpions (D:6)
  5 wights
  A howler monkey (D:6)
  3 crimson imps
  A bullfrog zombie (D:3)
  A jelly (D:7)
  4 gnoll shamans
  A centaur skeleton (D:4)
  3 hounds
  3 orc priests
  An orc wizard (D:3)
  An iguana (D:4)
  3 worker ants
  2 hound zombies (D:6)
  A hound skeleton (D:6)
  39 gnolls
  A worker ant zombie (D:7)
  10 adders
  An ooze (D:3)
  2 adder skeletons (D:6)
  8 worms
  2 dart slugs
  6 leopard geckos
  14 orcs
  6 bats
  5 giant cockroaches
  6 goblins
  5 hobgoblins
  17 jackals
  14 kobolds
  3 quokkas
  9 frilled lizards
  A quokka skeleton (D:4)
  7 rats
199 creatures vanquished.

Notes
Turn   | Place    | Note
-------+----------+-------------------------------------------
     0 | D:1      | whenceforth the Mummy Wanderer began the quest for the Orb.
     0 | D:1      | whenceforth set off with the following items: a +2 spear, 2
                  | scrolls of teleportation, a +0 robe
     0 | D:1      | Reached XP level 1. HP: 24/24 MP: 1/1
   106 | D:1      | Reached skill level 1 in Polearms
   162 | D:1      | Reached XP level 2. HP: 31/31 MP: 2/2
   459 | D:1      | Reached skill level 2 in Polearms
   632 | D:2      | Found an opulent altar of Gozag.
   665 | D:2      | Reached XP level 3. HP: 28/36 MP: 3/3
   984 | D:2      | Became a worshipper of Gozag Ym Sagoz the Greedy
  1554 | D:3      | Reached skill level 3 in Polearms
  1632 | D:3      | Reached XP level 4. HP: 35/43 MP: 4/4
  2137 | D:3      | Found a white marble altar of Elyvilon.
  2139 | D:3      | Found an iron altar of Okawaru.
  2139 | D:3      | Found a deep blue altar of Sif Muna.
  2139 | D:3      | Found an ancient bone altar of Kikubaaqudgha.
  2160 | D:3      | Reached XP level 5. HP: 35/48 MP: 5/5
  2193 | D:3      | Found a shattered altar of Ashenzari.
  2240 | D:3      | Reached skill level 4 in Polearms
  2245 | D:3      | Found a glowing golden altar of the Shining One.
  3012 | D:3      | Reached XP level 6. HP: 43/55 MP: 6/6
  3104 | D:3      | Reached skill level 5 in Polearms
  3974 | D:3      | Reached skill level 6 in Polearms
  4038 | D:3      | Reached XP level 7. HP: 59/60 MP: 7/7
  4099 | D:3      | Found a faded altar of an unknown god.
  4519 | D:3      | Reached skill level 7 in Polearms
  4657 | D:4      | Found an ornate altar of the Wu Jian Council.
  4733 | D:4      | Found a snail-covered altar of Cheibriados.
  5013 | D:4      | You fall through a shaft!
  5013 | D:5      | Entered Level 5 of the Dungeon
  5128 | D:5      | Reached XP level 8. HP: 63/67 MP: 8/8
  5739 | D:5      | Reached skill level 8 in Polearms
  6835 | D:6      | Reached skill level 9 in Polearms
  7230 | D:6      | Reached XP level 9. HP: 71/72 MP: 9/9
  7260 | D:6      | Reached skill level 10 in Polearms
  7402 | D:6      | Found Zin's Purification Station.
  7405 | D:6      | Found a glowing silver altar of Zin.
  8278 | D:7      | Found a staircase to the Ecumenical Temple.
  8339 | D:7      | Noticed Harold
  8361 | Temple   | Entered the Ecumenical Temple
  8451 | D:7      | HP: 1/72 [Harold/+2 mace of protection (13)]
  8452 | D:7      | Slain by a slave

Vault maps used:
D:1:      minmay_arrival_jagged
D:2:      minmay_wonky_spiral, overflow_temple_1_default, chequers_avenue
D:3:      lemuel_castle_with_subvaults, grunt_temple_overflow_open,
          first_ration, chequers_ecumenical_altar_simple_redux, serial_rivers,
          chequers_serial_rivers_small_b, chequers_serial_rivers_room_b,
          chequers_serial_rivers_small_b, chequers_serial_rivers_micro_d,
          nicolae_tso_carved_into_rock
D:4:      old_standard_altar, cheibriados_altar_1, serial_co_window_serial,
          co_window_paths_a, co_window_paths_a, co_window_paths_a,
          co_window_of_opportunity_a, co_window_corner_a, co_window_paths_a,
          co_window_unsneaky_path_c, co_window_corner_ca, co_window_broadway_b,
          co_window_broadway_a, co_window_corner_b, glass_columns_a,
          glass_columns_a, glass_columns_c, glass_columns_a, glass_columns_c
D:6:      zin_purify, minmay_manual_monstrance
D:7:      gammafunk_temple_overflow_wave, minmay_temple_entry_wispy,
          basic_altar, trog_three_pillars_becter, uniq_harold, uniq_pikel
Temple:   pf_slimified_temple

Skill      XL: |  1  2  3  4  5  6  7  8  9 |
---------------+----------------------------+-----
Polearms       | 1 2 3 4 6 7 9 10 | 10.6
Fighting       | |  7.0
Throwing       | |  1.0
Dodging        | |  1.0
Evocations     | |  1.0

Action                   |  1- 3 |  4- 6 |  7- 9 || total
-------------------------+-------+-------+-------++-------
Melee: Spear             |   164 |   221 |       ||   385
       Halberd           |       |   105 |   412 ||   517
Invok: Potion Petition   |       |       |     4 ||     4
  Use: Scroll            |       |       |     8 ||     8
 Stab: Sleeping          |     4 |       |       ||     4
       Distracted        |       |     2 |     2 ||     4
Armor: Robe              |     5 |       |       ||     5
       Chain mail        |    78 |   187 |   137 ||   402
       Plate armour      |       |       |    19 ||    19
Dodge: Dodged            |    46 |   102 |   116 ||   264

Table legend:
 A = Non-vault XP
 B = Vault XP
 C = Vault XP percentage of total XP
 D = Non-vault monster count
 E = Vault monster count
 F = Vault count percentage of total count
                 A         B        C        D         E       F
            +---------+---------+-------+---------+---------+-------
      Total |    2775 |     989 |  26.3 |     141 |      58 |  29.1
            +---------+---------+-------+---------+---------+-------
        D:1 |      31 |       0 |   0.0 |      21 |       0 |   0.0
        D:2 |      51 |       4 |   7.3 |      14 |       2 |  12.5
        D:3 |     281 |     786 |  73.7 |      36 |      54 |  60.0
        D:4 |     216 |       0 |   0.0 |      15 |       0 |   0.0
        D:5 |     389 |       0 |   0.0 |      13 |       0 |   0.0
        D:6 |    1635 |     199 |  10.9 |      33 |       2 |   5.7
        D:7 |     172 |       0 |   0.0 |       9 |       0 |   0.0
            +---------+---------+-------+---------+---------+-------
